 Dungeon Crawl Stone Soup version 0.27-a0-1245-g940ed4fa31 (webtiles) character file.

Game seed: 9977144301714372026

2 case the Stinger (level 1, -1/15 HPs)
             Began as a Demigod Wanderer on June 9, 2021.
             Slain by a quokka (3 damage)
             ... on level 1 of the Dungeon.
             The game lasted 00:01:43 (182 turns).

case the Stinger (Demigod Wanderer)                  Turns: 182, Time: 00:01:43

Health: -1/15      AC:  6    Str: 14    XL:     1   Next: 26%
Magic:  5/5        EV: 10    Int: 14    God:
Gold:   13         SH:  0    Dex: 12    Spells: 3/3 levels left

rFire    . . .     SeeInvis .   a - +0 club
rCold    . . .     Faith    .   (no shield)
rNeg     . . .     Spirit   .   c - +0 ring mail
rPois    .         Reflect  .   (no helmet)
rElec    .         Harm     .   b - +0 cloak
rCorr    .         Rampage  .   (no gloves)
Will     .....                  (no boots)
Stlth    +.........             (no amulet)
HPRegen  0.05/turn              (no ring)
MPRegen  0.09/turn              (no ring)

@: no status effects
A: high mp 1, forlorn
a: no special abilities


You were on level 1 of the Dungeon.
You visited 1 branch of the dungeon, and saw 1 of its levels.

You collected 13 gold pieces.

Inventory:

Hand Weapons
 a - a +0 club (weapon)
Armour
 b - a +0 cloak (worn)
 c - a +0 ring mail (worn)
 d - a +0 robe


   Skills:
 * Level 0.6 Fighting
 - Level 1.0 Throwing
 - Level 1.0 Stealth
 - Level 1.7 Spellcasting
 - Level 1.7 Conjurations
 - Level 1.0 Translocations
 - Level 1.0 Air Magic
 - Level 1.7 Poison Magic


You had 3 spell levels left.
You didn't know any spells.
Your spell library contained the following spells:

 Spells                   Type           Power      Damage    Failure   Level
 Sting                    Tmut/Pois      12%        1d3       34%         1
 Sandblast                Erth           2%         2d4       45%         1
 Blink                    Tloc           N/A        N/A       45%         2
 Gell's Gravitas          Tloc           2%         N/A       69%         3
 Lesser Beckoning         Tloc           2%         N/A       69%         3
 Teleport Other           Tloc           4%         N/A       69%         3
 Stone Arrow              Conj/Erth      6%         3d7       71%         3
 Ignite Poison            Fire/Tmut/Pois 2%         N/A       75%         3
 Manifold Assault         Tloc           4%         N/A       100%        5


Dungeon Overview and Level Annotations

Branches:
Dungeon (1/15)


Innate Abilities, Weirdness & Mutations

Your attributes grow dramatically as you level up.
You have an increased reservoir of magic. (+10% MP)
You shall have no god before yourself.


Message History

The endoplasm jiggles.
Found 9 gold pieces.
You see here a +0 pair of gloves.
The endoplasm jiggles.
Found a scroll labelled ZEYKHL ODIC TEU.
You see here a +0 pair of gloves.
A quokka comes into view.
The quokka bites you but does no damage.
You barely miss the quokka.
The quokka bites you but does no damage. x2
You closely miss the quokka.
The quokka bites you but does no damage.
You closely miss the quokka.
The quokka bites you but does no damage.
The quokka closely misses you. The endoplasm misses you.
You barely miss the quokka.
The quokka bites you but does no damage.
The endoplasm hits you but does no damage.
The quokka closely misses you.
You hit the endoplasm.
The endoplasm is moderately wounded.
The endoplasm freezes you.
You are frozen.
You hit the endoplasm.
The endoplasm is almost dead.
The endoplasm freezes you.
You are frozen.
* * * LOW HITPOINT WARNING * * *
The endoplasm barely misses you.
You hit the endoplasm.
You kill the endoplasm!
The quokka completely misses you. The quokka barely misses you.
The quokka bites you but does no damage.
The quokka bites you.
* * * LOW HITPOINT WARNING * * *
The quokka misses you. The quokka misses you. The quokka bites you.
You die...

?##..# ..#..# .
†>#..#####################..
....(.......................
.......#######..........#...
.....##.......##............
....#...........#...........
...#............r#.......#..
..#.............@#.......#
#.#...............#.....##
.#..........#.....#.....#
[#........##......#.....#
.#......#...<....#......#
.#.......##....##.......#
.#.........####.........#
.#......................#
#............(..........#


You could see a quokka.

Vanquished Creatures
  An endoplasm (D:1)
  A quokka (D:1)
2 creatures vanquished.

Notes
Turn   | Place    | Note
-------+----------+-------------------------------------------
     0 | D:1      | case the Demigod Wanderer began the quest for the Orb.
     0 | D:1      | case set off with the following items: a +0 club, a +0
                  | robe; and the following spells available to memorise:
                  | Sting, Sandblast, Blink, Gell's Gravitas, Lesser Beckoning,
                  | Teleport Other, Stone Arrow, Ignite Poison, Manifold
                  | Assault
     0 | D:1      | Reached XP level 1. HP: 14/14 MP: 5/5
   182 | D:1      | Slain by a quokka

Illustrated notes

Levels and vault maps discovered:
D:1:      dpeg_arrival_solitude, layout_loops_ring,
          hellmonk_ecumenical_altar_watching_god

Action                   || total
-------------------------++-------
Melee: Club              ||    24
Armor: Ring mail         ||    16
Dodge: Dodged            ||    20

Table legend: (Time is in decaauts)
 A = Elapsed time spent in this place.
 B = Non-inter-level travel time spent in this place.
 C = Inter-level travel time spent in this place.
 D = Time resting spent in this place.
 E = Time spent auto-exploring this place.
 F = Levels seen in this place.
 G = Mean time per level.
                   A        B        C        D        E       F      G
               +--------+--------+--------+--------+--------+-----+--------+
         Total |    189 |    189 |      0 |      0 |      9 |   1 |  189.0 |
       Dungeon |    189 |    189 |      0 |      0 |      9 |   1 |  189.0 |
               +--------+--------+--------+--------+--------+-----+--------+

Top non-repeatable levels by time:
     D:1: 189 daAuts
